 Dungeon Crawl Stone Soup version 0.30-a0-54-g2e61a25929 (webtiles) character file.

Game seed: 15645065594630211785

969 Newt the Skirmisher (level 8, -5/48 HPs)
             Began as a Kobold Hunter on Sept 7, 2022.
             Was an Initiate of Hepliaklqana.
             Killed by an exploding orc (22 damage)
             ... ignited by their inner flame
             ... on level 6 of the Dungeon.
             The game lasted 00:07:50 (6200 turns).

Newt the Skirmisher (Kobold Hunter)                 Turns: 6200, Time: 00:07:51

Health: -5/48      AC:  5    Str:  8    XL:     8   Next: 38%
Magic:  8/8        EV: 17    Int: 11    God:    Hepliaklqana [......]
Gold:   130        SH:  0    Dex: 20    Spells: 7/7 levels left

rFire   + . .      SeeInvis .    a - +0 shortbow (flame)
rCold   . . .      Faith    .    (shield currently unavailable)
rNeg    . . .      Spirit   .    c - +0 leather armour
rPois   +          Reflect  .    (no helmet)
rElec   .          Harm     .    v - +0 cloak
rCorr   .          Rampage  .    (no gloves)
Will    .....                    o - +0 pair of boots {Stlth+}
Stlth   +++++.....               (no amulet)
HPRegen 0.16/turn                g - ring of poison resistance
MPRegen 0.11/turn                (no ring)

@: no status effects
A: small, no large weapons, nightstalker 3, fire resistance 1, mutation
resistance 1
a: Renounce Religion


You were on level 6 of the Dungeon.
You worshipped Hepliaklqana.
Hepliaklqana was noncommittal.
You visited 2 branches of the dungeon, and saw 7 of its levels.

You collected 339 gold pieces.
You spent 209 gold pieces at shops.

Inventory:

Hand Weapons
 a - a +0 shortbow of flaming (weapon)
Armour
 c - a +0 leather armour (worn)
 o - a +0 pair of boots of stealth (worn)
 v - a +0 cloak (worn)
Jewellery
 g - a ring of poison resistance (left hand)
 p - a ring of fire
 u - an amulet of magic regeneration
Wands
 m - a wand of flame (9)
Scrolls
 e - a scroll of blinking
 f - 2 scrolls of amnesia
 q - 2 scrolls of fog
 r - 2 scrolls of teleportation
Potions
 d - a potion of might
 h - 3 potions of haste
 i - a potion of curing {unknown}
 j - a potion of attraction {unknown}
 k - 2 potions of berserk rage
 l - a potion of brilliance {unknown}
 n - a potion of flight {unknown}
 s - 2 potions of invisibility {unknown}


   Skills:
 - Level 4.0 Fighting
 + Level 8.6 Ranged Weapons
 - Level 6.0 Dodging
 - Level 4.0 Stealth
 - Level 5.0 Evocations


You had 7 spell levels left.
You didn't know any spells.
Your spell library contained the following spells:

 Spells                   Type           Power      Damage    Failure   Level
 Summon Small Mammal      Summ           0%         N/A       45%         1
 Call Canine Familiar     Summ           0%         N/A       83%         3
 Gell's Gravitas          Tloc           0%         N/A       83%         3
 Lesser Beckoning         Tloc           0%         N/A       83%         3
 Summon Guardian Golem    Hex/Summ       0%         N/A       83%         3
 Teleport Other           Tloc           0%         N/A       83%         3
 Anguish                  Hex/Necr       0%         N/A       99%         4
 Enfeeble                 Hex            0%         N/A       100%        7


Dungeon Overview and Level Annotations

Branches:
Dungeon (6/15)             Temple (1/1) D:5

Altars:
Ashenzari
Dithmenos
Elyvilon
Fedhas
Gozag
Hepliaklqana
Kikubaaqudgha
Makhleb
Nemelex Xobeh
Okawaru
Ru
Trog
Uskayaw
Vehumet
Zin
The Shining One

Shops:
D:1 :   D:5 *[*   D:6 *


Innate Abilities, Weirdness & Mutations

You are small and have problems with some larger weapons.
You are completely attuned to the shadows.
Your flesh is heat resistant. (rF+)
You are somewhat resistant to further mutation.


Message History

The steam dragon breathes steam at you. The ball of steam hits you. You resist.
The orc priest miscasts a cantrip.
The orc closely misses you.
The orc wizard hits you with a +0 dagger.
You hear an angry hiss.
You closely miss the orc priest. The steam dragon bites you.
The steam dragon closely misses you. The orc wizard misses you.
The orc hits you with a +0 hand axe.
The orc priest looks encouraged for a moment.
A bullfrog comes into view.
The orc wizard closely misses you. The steam dragon completely misses you.
The steam dragon claws you but does no damage.
The orc hits you but does no damage. The orc priest closely misses you.
The orc wizard attacks as you move away!
The orc wizard closely misses you.
You feel less confused.
The orc priest casts a cantrip, but nothing happens.
The orc wizard gestures at you while chanting.
The magic dart hits you.
Unknown command.
Really read the scroll of immolation?
Okay, then.
Read: scroll of immolation
Press: ? - help, Q - select action, (/) - cycle Dir - look around, f - activate
As you read the scroll of immolation, it crumbles to dust.
The creatures around you are filled with an inner flame!
The bullfrog snags a nearby moth with its tongue.
The steam dragon breathes steam at you.
The ball of steam hits the orc!
The ball of steam hits you. You resist.
The orc explodes!
The fiery explosion engulfs the bullfrog!
Flame seeps out of the bullfrog.
The bullfrog is severely wounded.
The fiery explosion engulfs the steam dragon!
The fiery explosion engulfs the orc priest!
Flame seeps out of the orc priest.
The orc priest is almost dead.
The fiery explosion engulfs you!! You resist.
You die...

≈.. ###.###.........
≈..###.....##........
≈...#.8...8.#.#######
≈...#.......#..### ######
≈......._........###...##
....#.......#............
...(#.8...8.##...........
....##.....# #####......8
.....###@### #.......
...§§o§.§. ##......
...F§o{... #<......
...o.5.... #..........
..$...<... ..##.......
......... . ##.....#
#....## ...### #.


You could see a bullfrog (inner flame), an orc priest (inner flame), an orc
wizard (inner flame), an orc (inner flame) and an ufetubus (inner flame).

Vanquished Creatures
  A steam dragon (D:6)
  Edmund (D:4)
  A centaur (D:5)
  A phantom (D:5)
  Blork the orc (D:4)
  A necrophage (D:4)
  A scorpion (D:4)
  A howler monkey (D:5)
  3 hounds
  Crazy Yiuf (D:4)
  A jelly (D:5)
  Terence (D:2)
  2 orc wizards (D:5)
  6 gnolls
  10 adders
  2 ufetubi
  A worm (D:5)
  2 dart slugs
  4 orcs (D:5)
  6 bats
  6 endoplasms
  6 giant cockroaches
  5 goblins
  10 hobgoblins
  5 quokkas
  3 ball pythons
  9 frilled lizards
  8 kobolds
  2 quokka zombies (D:5)
  10 rats
111 creatures vanquished.

Vanquished Creatures (others)
  An orc (D:6)
1 creature vanquished.

Grand Total: 112 creatures vanquished

Notes
Turn   | Place    | Note
-------+----------+-------------------------------------------
     0 | D:1      | Newt the Kobold Hunter began the quest for the Orb.
     0 | D:1      | Reached XP level 1. HP: 12/12 MP: 1/1
    83 | D:1      | Found a faded altar of an unknown god.
    97 | D:1      | Reached XP level 2. HP: 17/17 MP: 2/2
   422 | D:1      | Reached XP level 3. HP: 21/21 MP: 3/3
   998 | D:1      | Found Uroowam's Vocational Training.
  1250 | D:2      | Reached skill level 6 in Ranged Weapons
  1250 | D:2      | Gained mutation: Your flesh is heat resistant. (rF+)
                  | [potion of mutation]
  1250 | D:2      | Gained mutation: You are dopey. (Int -2) [potion of
                  | mutation]
  1250 | D:2      | Gained mutation: Your body sometimes deteriorates upon
                  | taking damage. [potion of mutation]
  1251 | D:2      | Lost mutation: You are dopey. (Int -2) [potion of mutation]
  1251 | D:2      | Lost mutation: Your body sometimes deteriorates upon taking
                  | damage. [potion of mutation]
  1251 | D:2      | Gained mutation: You are somewhat resistant to further
                  | mutation. [potion of mutation]
  1256 | D:2      | Reached XP level 4. HP: 21/26 MP: 4/4
  1507 | D:2      | Noticed Terence
  1517 | D:2      | Killed Terence
  1518 | D:2      | Reached skill level 7 in Ranged Weapons
  1518 | D:2      | Reached XP level 5. HP: 13/30 MP: 5/5
  2550 | D:3      | Found a sparkling altar of Nemelex Xobeh.
  2747 | D:3      | Reached skill level 8 in Ranged Weapons
  3021 | D:4      | Reached XP level 6. HP: 37/37 MP: 6/6
  3033 | D:4      | Found a runed translucent door.
  3036 | D:4      | Noticed Crazy Yiuf
  3110 | D:4      | Noticed Blork the orc
  3121 | D:4      | Killed Blork the orc
  3697 | D:4      | Reached XP level 7. HP: 21/43 MP: 7/7
  4271 | D:4      | Noticed Edmund
  4276 | D:4      | Killed Edmund
  4277 | D:4      | Reached skill level 5 in Dodging
  4322 | D:4      | Found a hide-covered altar of Uskayaw.
  4617 | D:4      | Killed Crazy Yiuf
  4705 | D:5      | Entered Level 5 of the Dungeon
  4903 | D:5      | Reached XP level 8. HP: 48/48 MP: 8/8
  4948 | D:5      | Found Ogrerpharr's Antique Armour Shoppe.
  4953 | D:5      | Bought a pair of runed boots for 157 gold pieces
  5066 | D:5      | Found a staircase to the Ecumenical Temple.
  5441 | D:5      | Found Jegrewo's Assorted Antiques.
  5444 | D:5      | Bought a scroll of identify for 52 gold pieces
  5489 | D:5      | Reached skill level 5 in Evocations
  5647 | D:5      | Found Nuutur's Antique Armour Emporium.
  5724 | D:5      | Found Rahadeaf's General Store.
  5742 | D:5      | Found Rifoig's Weapon Shop.
  5914 | Temple   | Entered the Ecumenical Temple
  6059 | Temple   | Became a worshipper of Hepliaklqana the Forgotten
  6121 | D:6      | Found Aggaemp's General Store.
  6176 | D:6      | Found an opulent altar of Gozag.
  6200 | D:6      | Killed by an exploding orc... ignited by their inner flame

Illustrated notes

Levels and vault maps discovered:
D:1:      lightli_arrival_boilingwater, layout_rooms, basic_ecumenical_altar,
          nicolae_shop_vocational
D:2:      layout_rooms, minmay_diced_spiral, uniq_terence
D:3:      layout_rooms, nicolae_overflow_crystal_walls
D:4:      layout_loops_corners, nicolae_uskayaw_dance_hall, uniq_edmund,
          uniq_blork_the_orc, uniq_crazy_yiuf_cottage
D:5:      layout_basic, minmay_temple_entry_overgrown, serial_shops, shop,
          shop_fountains, kennysheep_little_box, nicolae_lakefront_shop,
          nicolae_shop_behind_doors, enter_ossuary_4, grunt_ministairs_13
D:6:      layout_rooms, grunt_gozag_statues, serial_shops,
          nicolae_shop_statue_plus, portal_sewer_entry_c, centaur_isle
Temple:   nicolae_temple_god_jail

Skill      XL: |  1  2  3  4  5  6  7  8 |
---------------+-------------------------+-----
Stealth        | 2 3 4 |  4.0
Ranged Weapons | 6 7 8 |  8.6
Fighting       | 3 4 |  4.0
Dodging        | 3 6 |  6.0
Evocations     | 3 5 |  5.0

Action                   |  1- 3 |  4- 6 |  7- 9 || total
-------------------------+-------+-------+-------++-------
Melee: Shortbow          |       |       |     2 ||     2
 Fire: Shortbow          |    69 |   126 |   108 ||   303
  Use: Scroll            |     4 |     7 |     4 ||    15
       Potion            |     2 |       |       ||     2
Armor: Leather armour    |     8 |     9 |    14 ||    31
Dodge: Dodged            |    27 |    56 |    94 ||   177

Table legend: (Time is in decaauts)
 A = Elapsed time spent in this place.
 B = Non-inter-level travel time spent in this place.
 C = Inter-level travel time spent in this place.
 D = Time resting spent in this place.
 E = Time spent auto-exploring this place.
 F = Levels seen in this place.
 G = Mean time per level.
                   A        B        C        D        E       F      G
               +--------+--------+--------+--------+--------+-----+--------+
         Total |   6265 |   5961 |    304 |    892 |   4077 |   7 |  895.0 |
       Dungeon |   6105 |   5851 |    254 |    892 |   3976 |   6 | 1017.5 |
        Temple |    159 |    109 |     50 |      0 |    101 |   1 |  159.0 |
               +--------+--------+--------+--------+--------+-----+--------+

Top non-repeatable levels by time:
     D:4: 1737 daAuts
     D:5: 1263 daAuts
     D:1: 1169 daAuts
     D:2: 1033 daAuts
     D:3: 815 daAuts
  Temple: 159 daAuts
     D:6: 85 daAuts
